 Dungeon Crawl Stone Soup version 0.30-b1-2-g02819fbbbe (webtiles) character file.

Game seed: 6412894517455151167

93 sanka the Vexing (level 4, -2/33 HPs)
             Began as a Demigod Enchanter on May 17, 2023.
             Splashed by a jelly's acid (8 damage)
             ... on level 2 of the Dungeon.
             The game lasted 00:03:16 (2041 turns).

sanka the Vexing (Demigod Enchanter)                Turns: 2041, Time: 00:03:17

Health: -2/33      AC: -5    Str:  9    XL:     4   Next: 14%
Magic:  1/9        EV: 17    Int: 21    God:
Gold:   127        SH:  0    Dex: 14    Spells: 2/7 levels left

rFire   . . .        p - +0 rapier
rCold   . . .        (no shield)
rNeg    . . .        b - +0 robe
rPois   .            k - +0 helmet
rElec   .            (no cloak)
rCorr   .            (no gloves)
SInv    .            (no boots)
Will    .....        (no amulet)
Stlth   ++           n - +5 ring of evasion
HPRegen 0.25/turn    (no ring)
MPRegen 0.11/turn

%: no passive effects
@: confusing by touch, corroded
A: high MP 1, forlorn, divine attributes
a: no special abilities


You were on level 2 of the Dungeon.
You visited 1 branch of the dungeon, and saw 2 of its levels.

You collected 127 gold pieces.

Inventory:

Hand Weapons
 a - a +1 dagger
 p - a +0 rapier (weapon)
Armour
 b - a +0 robe (worn)
 k - a +0 helmet (worn)
Jewellery
 n - a +5 ring of evasion (left hand)
Scrolls
 d - a scroll of immolation {unknown}
 f - a scroll of teleportation {unknown}
 j - a scroll of magic mapping {unknown}
 o - a scroll of enchant weapon {unknown}
 q - a scroll of identify {unknown}
 r - a scroll of butterflies {unknown}
Potions
 c - 2 potions of invisibility
 e - a potion of heal wounds {unknown}
 g - a potion of brilliance {unknown}
 h - a potion of might {unknown}
 i - 2 potions of degeneration {unknown}
 l - a potion of magic {unknown}
 m - a potion of haste {unknown}


   Skills:
 - Level 0.8 Short Blades
 - Level 1.7 Dodging
 - Level 2.6 Stealth
 - Level 2.0 Spellcasting
 + Level 4.6 Hexes


You had 2 spell levels left.
You knew the following spells:

 Your Spells              Type           Power      Damage    Failure   Level
a - Confusing Touch       Hex            21%        N/A       6%          3
b - Poisonous Vapours     Pois/Air       4%         N/A       22%         2

Your spell library contained the following spells:

 Spells                   Type           Power      Damage    Failure   Level
 Ensorcelled Hibernation  Hex/Ice        22%        N/A       9%          2
 Tukima's Dance           Hex            21%        N/A       6%          3
 Dazzling Flash           Conj/Hex       22%        N/A       17%         3
 Hailstorm                Conj/Ice       2%         3d3       41%         3
 Mephitic Cloud           Conj/Pois/Air  2%         N/A       41%         3
 Animate Dead             Necr           2%         N/A       82%         4
 Ice Form                 Ice/Tmut       2%         N/A       82%         4
 Borgnjor's Vile Clutch   Necr/Erth      1%         N/A       99%         5
 Freezing Cloud           Conj/Ice/Air   1%         6-21      99%         5
 Death Channel            Necr           1%         N/A       100%        6
 Simulacrum               Ice/Necr       1%         N/A       100%        6


Dungeon Overview and Level Annotations

Branches:
Dungeon (2/15)

Shops:
D:1 *


Innate Abilities, Weirdness & Mutations

You have an increased reservoir of magic. (+10% MP)
You shall have no god before yourself.
Your divine heritage dramatically boosts your attributes as you level up.


Message History

The jelly is moderately wounded.
The jelly misses you.
You catch the helpless jelly completely off-guard!
You puncture the jelly!
Your hands burn!
The jelly is almost dead.
The jelly hits you.
You are splashed with acid!
Your magical contamination has completely faded away.
You hit the jelly but do no damage. The acid corrodes you!
Your hands burn!
* * * LOW HITPOINT WARNING * * *
The jelly is almost dead.
The jelly misses you.
Unknown command.
You hit the jelly but do no damage.
Your hands burn!
* * * LOW HITPOINT WARNING * * *
The jelly is almost dead.
The jelly misses you.
Unknown command.
You strike the helpless jelly from behind!
You hit the jelly.
You kill the jelly!
You have reached level 4!
The endoplasm jiggles.
The jelly attacks as you move away! The jelly completely misses you.
Casting: Confusing Touch (dangerous; 6% risk of failure)
Confirm with . or Enter, or press ? or * to list all spells.
Your hands begin to glow red.
The jelly closely misses you.
Unknown command.
You hit the jelly but do no damage.
Your hands burn!
* * * LOW HITPOINT WARNING * * *
The jelly is moderately wounded.
The jelly barely misses you. The endoplasm misses you.
Unknown command.
There is an open gate here.
The jelly attacks as you move away! The jelly closely misses you.
Things that are here:
a +0 club; 2 stones The jelly attacks as you move away!
The jelly hits you.
* * * LOW HITPOINT WARNING * * *
You are splashed with acid!
You die...

#### ##..................
....############.#.#.......######
P...'##......###...#########
÷..J#.#....)..##...#
P.JJ#J#........'...#
....#J#........'...#
....#J#'#......'J..#
.J÷.#J#.#.....##J..#
..P.#.#.#....###@..#
.JJ÷##.####### #...# ### #.######
### #...)..# ..# #..###)#
#.####### #..<.).# #..#....#
#..###### ##.#..[.# ####.......#
#......# ##.....####.#


You could see a jelly and an endoplasm.

Vanquished Creatures
  A jelly (D:2)
  A dart slug (D:2)
  9 endoplasms
  4 giant cockroaches
  7 hobgoblins
  4 jackals (D:1)
  10 kobolds
  2 quokkas (D:1)
  5 ball pythons
  A bat (D:2)
  4 goblins (D:1)
  3 rats
51 creatures vanquished.

Vanquished Creatures (others)
  12 toadstools (D:2)
12 creatures vanquished.

Grand Total: 63 creatures vanquished

Notes
Turn   | Place    | Note
-------+----------+-------------------------------------------
     0 | D:1      | sanka the Demigod Enchanter began the quest for the Orb.
     0 | D:1      | Reached XP level 1. HP: 14/14 MP: 5/5
   106 | D:1      | Reached skill level 3 in Hexes
   156 | D:1      | Found Noem's Assorted Antiques.
   194 | D:1      | Reached XP level 2. HP: 16/20 MP: 7/7
  1059 | D:2      | Reached XP level 3. HP: 19/26 MP: 8/8
  1212 | D:2      | Learned a level 3 spell: Confusing Touch
  1215 | D:2      | Learned a level 2 spell: Poisonous Vapours
  1474 | D:2      | Reached skill level 4 in Hexes
  2029 | D:2      | Reached XP level 4. HP: 5/33 MP: 3/9
  2041 | D:2      | Splashed by a jelly's acid

Illustrated notes

Levels and vault maps discovered:
D:1:      dpeg_arrival_round_b, layout_loops_ring, serial_shops,
          nicolae_shop_peninsula, chequers_serial_rivers_room_b
D:2:      cheibrodos_fertilizer, layout_basic,
          shapermc_ecumenical_altar_mp_vishouse, basic_altar

Skill      XL: |  1  2  3 |
---------------+----------+-----
Spellcasting   | 2 |  2.0
Hexes          | 3 4 |  4.6
Short Blades   | |  0.8
Dodging        | |  1.7
Stealth        | |  2.6

Action                     |  1- 3 |  4- 6 || total
---------------------------+-------+-------++-------
  Melee: Dagger            |   181 |       ||   181
         Punch             |     3 |       ||     3
         Rapier            |    43 |     1 ||    44
   Cast: Confusing Touch   |     1 |     1 ||     2
   Stab: Sleeping          |     6 |       ||     6
         Confused          |     2 |       ||     2
 Armour: Robe              |    42 |       ||    42
  Dodge: Dodged            |   135 |     5 ||   140
